 Dungeon Crawl Stone Soup version 0.29.1-1-gd02db6906a (webtiles) character file.

Game seed: 12667915179388301447

177 christhawk the Shooter (level 5, 0/40 HPs)
             Began as a Demonspawn Hunter on Sept 24, 2022.
             Slain by Grinder (5 damage)
             ... on level 3 of the Dungeon.
             The game lasted 00:08:13 (2827 turns).

christhawk the Shooter (Demonspawn Hunter)          Turns: 2827, Time: 00:08:14

Health: 0/40       AC:  7    Str:  6    XL:     5   Next: 31%
Magic:  5/5        EV: 10    Int: 17    God:
Gold:   109        SH:  0    Dex: 19    Spells: 4/4 levels left

rFire   + + .      SeeInvis .   b - +6 dagger of the Little People {freeze, rF+ rCorr Str-5 Int+7}
rCold   + . .      Faith    .   (no shield)
rNeg    . . .      Spirit   .   g - +2 ring mail
rPois   +          Reflect  .   (helmet restricted)
rElec   +          Harm     .   (no cloak)
rCorr   +          Rampage  .   (no gloves)
Will    .....                   (no boots)
Stlth   +.........              (no amulet)
HPRegen 0.13/turn               (no ring)
MPRegen 0.18/turn               (no ring)

@: resistant
A: horns 1, spiny 1, magic regeneration
a: no special abilities


You were on level 3 of the Dungeon.
You visited 1 branch of the dungeon, and saw 3 of its levels.

You collected 109 gold pieces.

Inventory:

Hand Weapons
 a - a +0 shortbow of flaming
 b - the +6 dagger of the Little People (weapon) {freeze, rF+ rCorr Str-5 Int+7}
   (You found it on level 2 of the Dungeon)

   It freezes those it strikes, dealing additional cold damage.
   It can also slow down cold-blooded creatures.
   Str:       It affects your strength (-5).
   Int:       It affects your intelligence (+7).
   rF:        It protects you from fire.
   rCorr:     It protects you from acid and corrosion.
Armour
 g - a +2 ring mail (worn)
Scrolls
 d - a scroll of immolation


   Skills:
 * Level 2.9 Fighting
 * Level 0.4 Short Blades
 + Level 5.3 Ranged Weapons
 + Level 1.1 Armour
 + Level 1.9 Dodging
 + Level 1.0 Stealth


You had 4 spell levels left.
You didn't know any spells.
Your spell library contained the following spells:

 Spells                   Type           Power      Damage    Failure   Level
 Magic Dart               Conj           0%         1d3       67%         1
 Necrotise                Necr           0%         1d4       67%         1
 Call Imp                 Summ           0%         N/A       80%         2
 Mephitic Cloud           Conj/Pois/Air  0%         N/A       95%         3


Dungeon Overview and Level Annotations

Branches:
Dungeon (3/15)

Altars:
Sif Muna
Trog
Wu Jian

Annotations:
D:3 Grinder


Innate Abilities, Weirdness & Mutations

You have a pair of small horns on your head.
You are partially covered in sharp spines.
You regenerate magic rapidly.


Message History

Fire: a) +0 shortbow (flame)
Press: ? - help, Q - select action Shift-Dir - straight line, f/p - Grinder
Aim: Grinder (severely wounded, 61% to hit)
You shoot an arrow. The arrow hits Grinder.
The arrow burns Grinder.
Grinder is severely wounded.
Grinder drinks a potion.
Grinder is healed!
Fire: a) +0 shortbow (flame)
Press: ? - help, Q - select action Shift-Dir - straight line, f/p - Grinder
Aim: Grinder (moderately wounded, 61% to hit)
You shoot an arrow. The arrow barely misses Grinder.
Grinder gestures at you. Pain shoots through your body!
Fire: a) +0 shortbow (flame)
Press: ? - help, Q - select action Shift-Dir - straight line, f/p - Grinder
Aim: Grinder (moderately wounded, 61% to hit)
You shoot an arrow.
The arrow hits Grinder but does no damage.
Grinder is moderately wounded.
Grinder gestures at you.
You suddenly lose the ability to move!
Grinder gestures at you. Pain shoots through your body! Grinder hits you!
You writhe in agony.
Grinder gestures at you. Pain shoots through your body!
You can move again.
Your +0 shortbow of flaming stops flaming.
You feel weaker.
You feel clever.
The +6 dagger of the Little People {freeze, rF+ rCorr Str-5 Int+7} glows with a cold blue light!
b - the +6 dagger of the Little People (weapon)
{freeze, rF+ rCorr Str-5 Int+7} Grinder hits you!
* * * LOW HITPOINT WARNING * * *
You writhe in agony.
* * * LOW HITPOINT WARNING * * *
You feel protected. Grinder hits you.
* * * LOW HITPOINT WARNING * * *
You writhe in agony.
You die...

..#..##.# ............##
..#..##.#
#.#######.รท.##########
#.#.....# #.............
.....##.# #..####.......
#)#####.# ####..#
#.#.#### #.# #.# #.....#
#.#.# #.# #.#
####.#####.#.# #..
..############.........#
###
..........@5.........###
##.####....###..######
#..... ....#
#....##.#.#.# .........
.#.# #########) ## # ##


You could see Grinder.

Vanquished Creatures
  4 gnolls
  4 adders
  A white imp (D:3)
  A worm (D:3)
  2 dart slugs
  5 orcs
  6 ball pythons
  3 endoplasms (D:2)
  A giant cockroach (D:1)
  6 goblins
  8 hobgoblins
  5 jackals
  4 kobolds
  3 quokkas
  3 bats
  A frilled lizard (D:3)
  5 rats
62 creatures vanquished.

Vanquished Creatures (others)
  An orc wizard (D:2)
1 creature vanquished.

Grand Total: 63 creatures vanquished

Notes
Turn   | Place    | Note
-------+----------+-------------------------------------------
     0 | D:1      | christhawk the Demonspawn Hunter began the quest for the
                  | Orb.
     0 | D:1      | Reached XP level 1. HP: 16/16 MP: 1/1
   396 | D:1      | Reached skill level 4 in Ranged Weapons
   401 | D:1      | Gained mutation: You regenerate magic rapidly. [demonic
                  | ancestry]
   401 | D:1      | Reached XP level 2. HP: 22/22 MP: 2/2
  1214 | D:2      | Gained mutation: You are partially covered in sharp spines.
                  | [demonic ancestry]
  1214 | D:2      | Reached XP level 3. HP: 27/27 MP: 3/3
  1314 | D:2      | Reached skill level 1 in Stealth
  1445 | D:2      | Gained mutation: You have a pair of small horns on your
                  | head. [demonic ancestry]
  1445 | D:2      | Reached XP level 4. HP: 34/34 MP: 4/4
  1627 | D:2      | Reached skill level 5 in Ranged Weapons
  2037 | D:2      | Found a faded altar of an unknown god.
  2040 | D:2      | Identified the +6 dagger of the Little People {freeze, rF+
                  | rCorr Str-5 Int+7}
  2370 | D:3      | Reached skill level 1 in Armour
  2370 | D:3      | Reached XP level 5. HP: 38/39 MP: 5/5
  2410 | D:3      | Found a bloodstained altar of Trog.
  2423 | D:3      | Found a shimmering blue altar of Sif Muna.
  2427 | D:3      | Got Sif Muna's Guidebook on the Dead
  2447 | D:3      | Found an ornate altar of the Wu Jian Council.
  2799 | D:3      | Noticed Grinder
  2821 | D:3      | Paralysed by Grinder for 5 turns
  2827 | D:3      | Slain by Grinder

Illustrated notes

Levels and vault maps discovered:
D:1:      dpeg_arrival_simpleton_a, layout_loops_corners,
          minmay_misc_feat_nine_boxes, chequers_serial_rivers_micro_a,
          due_unseen_surprise
D:2:      layout_loops_corners, basic_ecumenical_altar
D:3:      minmay_wonky_spiral, layout_loops_ring,
          nzn_overflow_gifts_of_might_and_magic, mainiacjoe_overflow_paths,
          uniq_grinder

Skill      XL: |  1  2  3  4 |
---------------+-------------+-----
Ranged Weapons | 4 5 |  5.3
Stealth        | 1 |  1.0
Armour         | 1 |  1.1
Fighting       | |  2.9
Short Blades   | |  0.4
Dodging        | |  1.9

Action                   |  1- 3 |  4- 6 || total
-------------------------+-------+-------++-------
Melee: Dagger            |       |     6 ||     6
       Headbutt          |       |     2 ||     2
 Fire: Shortbow          |    71 |    74 ||   145
  Use: Scroll            |     7 |     3 ||    10
       Potion            |     1 |     3 ||     4
Armor: Leather armour    |     2 |       ||     2
       Ring mail         |    11 |     6 ||    17
Dodge: Dodged            |    26 |    24 ||    50
